 Dungeon Crawl Stone Soup version 0.29-a0-902-g0f71de6fce (console) character file.

Game seed: 5813128040000711900

154 RBrandon the Trooper (level 5, -1/42 HPs)
             Began as a Human Chaos Knight on July 24, 2022.
             Was a Plaything of Xom.
             Slain by an ogre
             ... wielding a +0 giant club
              (8 damage)
             ... on level 4 of the Dungeon.
             The game lasted 00:05:24 (3068 turns).

RBrandon the Trooper (Human Chaos Knight)           Turns: 3068, Time: 00:05:24

Health: -1/42      AC: 14    Str: 14    XL:     5   Next: 63%
Magic:  5/5        EV:  4    Int: 12    God:    Xom [...*..]
Gold:   221        SH:  0    Dex: 13    Spells: 4/4 levels left

rFire   . . .      SeeInvis .   t - +3 flail
rCold   . . .      Faith    .   (no shield)
rNeg    . . .      Spirit   .   x - +0 plate armour
rPois   .          Reflect  .   (no helmet)
rElec   .          Harm     .   m - +2 cloak
rCorr   .          Rampage  .   (no gloves)
Will    .....                   (no boots)
Stlth   ..........              (no amulet)
HPRegen 0.14/turn               (no ring)
MPRegen 0.09/turn               (no ring)

@: invisible
A: no striking features
a: Renounce Religion


You were on level 4 of the Dungeon.
You worshipped Xom.
You were a favourite toy of Xom.
You visited 1 branch of the dungeon, and saw 4 of its levels.

You collected 221 gold pieces.

Inventory:

Hand Weapons
 a - a +0 spear of chaos
 p - a +0 quarterstaff
 t - a +3 flail (weapon)
Missiles
 v - a throwing net
Armour
 b - a +2 leather armour
 m - a +2 cloak (worn)
 o - a +0 scale mail
 x - a +0 plate armour (worn)
Scrolls
 d - 2 scrolls of teleportation {unknown}
 h - 2 scrolls of magic mapping {unknown}
 j - 2 scrolls of torment {unknown}
 k - a scroll of noise {unknown}
 n - a scroll of enchant weapon {unknown}
Potions
 e - a potion of flight {unknown}
 f - 3 potions of mutation
 i - a potion of heal wounds {unknown}
 l - a potion of cancellation {unknown}
 q - 2 potions of resistance
 r - a potion of invisibility
 s - 2 potions of curing {unknown}
 u - a potion of attraction {unknown}
 w - a potion of haste {unknown}
Miscellaneous
 c - a piece from Xom's chessboard (15/15) (quivered)


   Skills:
 + Level 4.2 Fighting
 - Level 3.5 Polearms
 + Level 3.5 Armour
 - Level 2.0 Dodging


You had 4 spell levels left.
You didn't know any spells.
Your spell library was empty.

Dungeon Overview and Level Annotations

Branches:
Dungeon (4/15)
 Temple: D:4-7

Altars:
Xom
Yredelemnul

Shops:
D:1 [


Message History

d - 2 scrolls labelled MEELOKHUMMO As you open the door, it creaks loudly!
There is an open door here.
You open the door.
Found a mace.
There is an open door here.
An orc comes into view. It is wielding a +0 war axe.
The orc shouts!
The orc hits you with a +0 war axe.
You sock the orc!
You kill the orc!
No target in view!
You see here a +0 mace.
Things that are here:
a +0 war axe; an orc corpse HP restored.
Found a stone staircase leading up.
A worm comes into view.
You see here a scroll labelled XIYHUY XEATIJAI.
Found a stone staircase leading down.
The worm bites you but does no damage.
You barely miss the worm. You sock the worm!
The worm is severely wounded.
The worm bites you.
You sock the worm!
You kill the worm!
An ogre comes into view. It is wielding a +0 giant club.
You hit the ogre.
The ogre is lightly wounded.
The ogre hits you with a +0 giant club!!
Ouch! That really hurt!
* * * LOW HITPOINT WARNING * * *
You hear a shout!
An ogre is nearby!
Okay, then.
You fade into invisibility!
The ogre hits you with a +0 giant club!
You die...
Xom chuckles heartily!

.. .. .. ##### .. ...
#...##. >..##.....
......... .......O# #
#..@########
#.###...##.....#
#..............# ##.
#..............# #..#####
#..<...?.......# #.......
..########.....#
#.....#######...##....##
##.....##........##....##
#.............<†..#.....#


You could see an ogre (unable to see you).

Vanquished Creatures
  A gnoll (D:3)
  7 adders
  A worm (D:4)
  2 dart slugs (D:3)
  4 orcs
  7 endoplasms
  5 giant cockroaches
  10 goblins
  4 hobgoblins
  6 kobolds
  6 quokkas
  4 ball pythons
  5 bats
  2 rats (D:3)
64 creatures vanquished.

Notes
Turn   | Place    | Note
-------+----------+-------------------------------------------
     0 | D:1      | RBrandon the Human Chaos Knight began the quest for the
                  | Orb.
     0 | D:1      | Reached XP level 1. HP: 18/18 MP: 1/1
    15 | D:1      | Found Jizikoh's Armour Emporium.
   116 | D:1      | XOM: silly message
   142 | D:1      | XOM: silly message
   373 | D:1      | Reached XP level 2. HP: 24/24 MP: 2/2
   581 | D:1      | XOM: divination: detect creatures
   921 | D:2      | Found a shimmering altar of Xom.
   958 | D:2      | Reached XP level 3. HP: 29/29 MP: 3/3
  1138 | D:2      | XOM: potion effect (invisibility)
  1658 | D:3      | Reached XP level 4. HP: 15/35 MP: 4/4
  2018 | D:3      | XOM: divination: detect items
  2078 | D:3      | XOM: 4-stop teleportation journey
  2177 | D:3      | XOM: confusion (+ monsters)
  2262 | D:3      | XOM: cast spell 'Disjunction'
  2332 | D:3      | Reached XP level 5. HP: 40/42 MP: 5/5
  2566 | D:3      | Found a basalt altar of Yredelemnul.
  2663 | D:3      | XOM: noise
  2693 | D:3      | Reached skill level 4 in Fighting
  3066 | D:4      | Noticed an ogre
  3068 | D:4      | Slain by an ogre

Illustrated notes

Levels and vault maps discovered:
D:1:      roderic_octagonal_star, layout_loops_ring, serial_shops,
          nicolae_shop_window_shopping
D:2:      layout_loops_ring, basic_altar
D:3:      minmay_thinvault, layout_rooms, overflow_temple_1_default
D:4:      layout_gridville, serial_shops, nicolae_take_the_stairs

Skill      XL: |  1  2  3  4  5 |
---------------+----------------+-----
Dodging        | 2 |  2.0
Armour         | 3 |  3.5
Fighting       | 4 |  4.2
Polearms       | |  3.5

Action                   |  1- 3 |  4- 6 || total
-------------------------+-------+-------++-------
Melee: Spear             |   106 |    18 ||   124
       Punch             |     1 |     1 ||     2
       Quarterstaff      |       |    31 ||    31
       Flail             |       |    70 ||    70
  Use: Scroll            |       |     5 ||     5
       Potion            |       |     1 ||     1
 Stab: Invisible         |     1 |       ||     1
       Sleeping          |     1 |       ||     1
Armor: Leather armour    |    29 |       ||    29
       Scale mail        |       |    58 ||    58
       Plate armour      |       |    29 ||    29
Dodge: Dodged            |    38 |    63 ||   101

Table legend: (Time is in decaauts)
 A = Elapsed time spent in this place.
 B = Non-inter-level travel time spent in this place.
 C = Inter-level travel time spent in this place.
 D = Time resting spent in this place.
 E = Time spent auto-exploring this place.
 F = Levels seen in this place.
 G = Mean time per level.
                   A        B        C        D        E       F      G
               +--------+--------+--------+--------+--------+-----+--------+
         Total |   3092 |   2995 |     97 |    262 |   2149 |   4 |  773.0 |
       Dungeon |   3092 |   2995 |     97 |    262 |   2149 |   4 |  773.0 |
               +--------+--------+--------+--------+--------+-----+--------+

Top non-repeatable levels by time:
     D:3: 1382 daAuts
     D:1: 891 daAuts
     D:2: 727 daAuts
     D:4: 91 daAuts

Table legend:
 A = Kills in this place as a percentage of kills in entire the game.
 B = Kills by you in this place as a percentage of kills by you in the entire game.
 C = Kills by friends in this place as a percentage of kills by friends in the entire game.
 D = Other kills in this place as a percentage of other kills in the entire game.
 E = Experience gained in this place as a percentage of experience gained in the entire game.
 F = Experience gained in this place divided by the number of levels of this place that you have seen.
                   A       B       C       D       E      F
               +-------+-------+-------+-------+-------+----------------------
         Total | 100.0 | 100.0 |   N/A |   N/A | 100.0 |  55.2
       Dungeon | 100.0 | 100.0 |   N/A |   N/A | 100.0 |  55.2
               +-------+-------+-------+-------+-------+----------------------
